 Dungeon Crawl Stone Soup version 0.22-a0-322-g60b3cfd (webtiles) character file.

620 xccam the Cruncher (level 7, 0/84 HPs)
             Began as a Gnoll Wanderer on Apr 4, 2018.
             Was a Believer of Cheibriados.
             Blown up by Ijyb (21 damage)
             ... with a wand of disintegration (4)
             ... on level 4 of the Dungeon.
             The game lasted 00:08:58 (3583 turns).

xccam the Cruncher (Gnoll Wanderer)                 Turns: 3583, Time: 00:08:59

Health: 0/84       AC: 23    Str: 20    XL:     7   Next: 46%
Magic:  10/10      EV:  2    Int: 21    God:    Cheibriados [**....]
Gold:   201        SH:  0    Dex: 22    Spells: 10/10 levels left

rFire    . . .     SeeInvis .   b - +0 quarterstaff
rCold    . . .     Gourm    .   (shield currently unavailable)
rNeg     + + +     Faith    .   (armour currently unavailable)
rPois    +         Spirit   .   (helmet currently unavailable)
rElec    .         Reflect  .   (cloak currently unavailable)
rCorr    +         Harm     .   (gloves currently unavailable)
MR       .....     NoTele   +   (boots currently unavailable)
Stlth    +++.......             (no amulet)
HPRegen  0.24/turn              i - ring of resist corrosion
MPRegen  0.12/turn              (no ring)

@: tree-form, very slow
A: distributed training, strong nose
a: Bend Time, Renounce Religion


You were on level 4 of the Dungeon.
You worshipped Cheibriados.
Cheibriados was pleased with you.
You were not hungry.
You were a tree.
You visited 1 branch of the dungeon, and saw 4 of its levels.

You collected 201 gold pieces.

Inventory:

Hand Weapons
 b - a +0 quarterstaff (weapon)
 y - a +0 war axe
Missiles
 d - a throwing net
 l - 188 stones (quivered)
 z - 5 tomahawks
Armour
 e - a +0 scale mail (melded)
 p - a +0 cloak (melded)
 t - a +0 shield
 v - a +0 pair of boots (melded)
 A - a +0 helmet (melded)
Jewellery
 i - a ring of resist corrosion (left branch)
 m - a +3 ring of intelligence {unknown}
Scrolls
 g - 2 scrolls of enchant armour {unknown}
 j - 3 scrolls of identify {unknown}
 k - a scroll of random uselessness {unknown}
 n - 4 scrolls of teleportation {unknown}
 o - 2 scrolls of remove curse {unknown}
 u - a scroll of amnesia {unknown}
 w - a scroll of fog {unknown}
 B - 2 scrolls of blinking {unknown}
Potions
 c - a potion of curing
 h - a potion of heal wounds {unknown}
 q - 2 potions of flight
 r - a potion of degeneration {unknown}
 s - a potion of berserk rage {unknown}
 x - a potion of lignification
Miscellaneous
 a - a phial of floods (inert)
Comestibles
 f - 8 rations


   Skills:
 + Level 5.2 Fighting
 + Level 2.4 Short Blades
 + Level 2.4 Long Blades
 + Level 2.4 Axes
 + Level 5.2 Maces & Flails
 + Level 2.4 Polearms
 + Level 8.9 Staves
 + Level 2.4 Slings
 + Level 2.4 Bows
 + Level 2.4 Crossbows
 + Level 2.4 Throwing
 + Level 2.4 Armour
 + Level 2.4 Dodging
 + Level 2.4 Stealth
 + Level 3.6 Shields
 + Level 2.4 Unarmed Combat
 + Level 2.4 Spellcasting
 + Level 2.0 Conjurations
 + Level 2.0 Hexes
 + Level 2.0 Charms
 + Level 2.0 Summonings
 + Level 2.0 Necromancy
 + Level 2.0 Translocations
 + Level 2.0 Transmutations
 + Level 2.0 Fire Magic
 + Level 2.0 Ice Magic
 + Level 2.0 Air Magic
 + Level 2.0 Earth Magic
 + Level 2.0 Poison Magic
 + Level 2.7 Invocations
 + Level 3.6 Evocations


You had 10 spell levels left.
You didn't know any spells.

Dungeon Overview and Level Annotations

Branches:
Dungeon (4/15)
 Temple: D:4-7

Altars:
Cheibriados
Dithmenos
Hepliaklqana
Kikubaaqudgha
Qazlal
Trog
Uskayaw
Xom
Zin
The Shining One

Annotations:
D:4 Ijyb


Innate Abilities, Weirdness & Mutations

Your experience applies equally to all skills.
((You have very sharp teeth.))
Your uncanny sense of smell can sniff out nearby items.


Message History

Ijyb grins evilly.
Ijyb barely misses you.
It was a potion of lignification.
You turn into a tree.
Your +0 cloak melds into your body.
Your +0 helmet melds into your body.
Your +0 pair of boots melds into your body.
Your +0 scale mail melds into your body.
Your roots penetrate the ground.
Ijyb hits you with an enchanted club.
* * * LOW HITPOINT WARNING * * *
You completely miss Ijyb.
Ijyb is moderately wounded.
You barely miss Ijyb.
Ijyb is moderately wounded.
Ijyb hits you but does no damage.
You closely miss Ijyb.
Ijyb is moderately wounded.
Ijyb hits you but does no damage.
You hit Ijyb but do no damage.
Ijyb is moderately wounded.
Ijyb zaps a wand.
You are blasted!
You die...

#.#)##.#...# #.#########
#.#)##.#...# #.#
#.#)##.##..# #.#
#.#.##.##..# ##.##
#.#.##.##..# ##...##
####.#.##.##..###.....## #
#..............#.......### #
#.####......g......_.......
# #.#
#.......♣.##.......####
#####.# #..###.#.####.....##
......# #..# #...# ##...##
.########..# ##..##. ##.##
.. .#....<##..# #..##..∆..#
.# .#.######..#####.##.# ###
.# ................>##.# .#
.#.##.....#########.########
.# .#.##.(........#
#........# .#


You could see Ijyb.

Vanquished Creatures
  The ghost of Galewind the Conjurer, an amateur DECj (D:4)
  A water moccasin (D:4)
  The ghost of Nattefrost the Changer, an amateur MfTm of Cheibriados (D:3)
  An orc priest (D:4)
  A hound (D:3)
  Natasha (thrice) (D:3)
  A worker ant (D:4)
  Robin (D:4)
  3 adders
  3 oozes
  5 worms
  A dart slug (D:2)
  2 leopard geckos (D:1)
  11 orcs
  A giant cockroach (D:2)
  22 goblins
  8 hobgoblins
  9 jackals
  5 quokkas
  13 bats
  4 frilled lizards
  9 kobolds
  10 rats
116 creatures vanquished.

Vanquished Creatures (collateral kills)
  A goblin (D:1)
1 creature vanquished.

Grand Total: 117 creatures vanquished

Notes
Turn   | Place    | Note
-------+----------+-------------------------------------------
     0 | D:1      | xccam the Gnoll Wanderer began the quest for the Orb.
     0 | D:1      | xccam set off with: a phial of floods, a +0 quarterstaff, a potion of curing, a +0 robe, a ration
     0 | D:1      | Reached XP level 1. HP: 20/20 MP: 2/2
   138 | D:1      | Reached XP level 2. HP: 24/26 MP: 3/3
   270 | D:1      | Reached XP level 3. HP: 26/31 MP: 4/4
   878 | D:2      | Reached skill level 1 in Invocations
   900 | D:2      | Found a shadowy altar of Dithmenos.
   937 | D:2      | Reached skill level 1 in Short Blades
   937 | D:2      | Reached skill level 1 in Long Blades
   937 | D:2      | Reached skill level 1 in Axes
   937 | D:2      | Reached skill level 1 in Polearms
   937 | D:2      | Reached skill level 1 in Slings
   937 | D:2      | Reached skill level 1 in Bows
   937 | D:2      | Reached skill level 1 in Crossbows
   937 | D:2      | Reached skill level 1 in Throwing
   937 | D:2      | Reached skill level 1 in Armour
   937 | D:2      | Reached skill level 1 in Dodging
   937 | D:2      | Reached skill level 1 in Stealth
   937 | D:2      | Reached skill level 1 in Unarmed Combat
   937 | D:2      | Reached skill level 1 in Spellcasting
  1027 | D:2      | Reached XP level 4. HP: 24/38 MP: 6/6
  1335 | D:2      | Found an ancient bone altar of Kikubaaqudgha.
  1337 | D:2      | Found a hide-covered altar of Uskayaw.
  1392 | D:2      | Found a snail-covered altar of Cheibriados.
  1399 | D:2      | Became a worshipper of Cheibriados the Contemplative
  1487 | D:2      | Found a bloodstained altar of Trog.
  1813 | D:3      | Reached skill level 1 in Conjurations
  1813 | D:3      | Reached skill level 1 in Hexes
  1813 | D:3      | Reached skill level 1 in Charms
  1813 | D:3      | Reached skill level 1 in Summonings
  1813 | D:3      | Reached skill level 1 in Necromancy
  1813 | D:3      | Reached skill level 1 in Translocations
  1813 | D:3      | Reached skill level 1 in Transmutations
  1813 | D:3      | Reached skill level 1 in Fire Magic
  1813 | D:3      | Reached skill level 1 in Ice Magic
  1813 | D:3      | Reached skill level 1 in Air Magic
  1813 | D:3      | Reached skill level 1 in Earth Magic
  1813 | D:3      | Reached skill level 1 in Poison Magic
  1911 | D:3      | Noticed Natasha
  1915 | D:3      | Killed Natasha
  1915 | D:3      | Reached * piety under Cheibriados
  1915 | D:3      | Reached XP level 5. HP: 41/43 MP: 7/7
  1923 | D:3      | Found a hazy altar of Hepliaklqana.
  2006 | D:3      | Noticed Natasha
  2021 | D:3      | Killed Natasha
  2077 | D:3      | Noticed Nattefrost's ghost (amateur MfTm)
  2094 | D:3      | Killed Nattefrost's ghost
  2094 | D:3      | Reached XP level 6. HP: 39/50 MP: 8/8
  2146 | D:3      | Found a stormy altar of Qazlal.
  2338 | D:3      | Noticed Natasha
  2343 | D:3      | Killed Natasha
  2343 | D:3      | Reached skill level 5 in Fighting
  2343 | D:3      | Reached skill level 5 in Maces & Flails
  2398 | D:4      | Noticed an angel
  2399 | D:4      | Found a glowing silver altar of Zin.
  2400 | D:4      | Found a shimmering altar of Xom.
  2409 | D:4      | Reached ** piety under Cheibriados
  2522 | D:4      | Noticed Robin
  2544 | D:4      | Killed Robin
  2657 | D:4      | Found a glowing golden altar of the Shining One.
  2708 | D:4      | Noticed Galewind's ghost (amateur DECj)
  2722 | D:4      | Killed Galewind's ghost
  2722 | D:4      | Reached XP level 7. HP: 7/56 MP: 10/10
  3572 | D:4      | Noticed Ijyb
  3583 | D:4      | Blown up by Ijyb

Vault maps used:
D:1:      erik_arrival_gehennom
D:2:      lemuel_doored_altar, nicolae_overflow_hidden_temple,
          marbit_many_paths, nicolae_dithmenos_shadow_blocks
D:3:      grunt_qazlal_clouds, nicolae_overflow_crystal_walls, first_ration,
          minmay_tree_intersection, serial_bayou_pond_c, uniq_natasha
D:4:      grunt_temple_overflow_order_and_chaos_1, lemuel_round_altar,
          minivault_1, uniq_robin, uniq_ijyb

Skill      XL: |  1  2  3  4  5  6  7 |
---------------+----------------------+-----
Invocations    | 1 2 |  2.7
Short Blades   | 1 2 |  2.4
Long Blades    | 1 2 |  2.4
Axes           | 1 2 |  2.4
Polearms       | 1 2 |  2.4
Slings         | 1 2 |  2.4
Bows           | 1 2 |  2.4
Crossbows      | 1 2 |  2.4
Throwing       | 1 2 |  2.4
Armour         | 1 2 |  2.4
Dodging        | 1 2 |  2.4
Stealth        | 1 2 |  2.4
Unarmed Combat | 1 2 |  2.4
Spellcasting   | 1 2 |  2.4
Conjurations   | 1 2 |  2.0
Hexes          | 1 2 |  2.0
Charms         | 1 2 |  2.0
Summonings     | 1 2 |  2.0
Necromancy     | 1 2 |  2.0
Translocations | 1 2 |  2.0
Transmutations | 1 2 |  2.0
Fire Magic     | 1 2 |  2.0
Ice Magic      | 1 2 |  2.0
Air Magic      | 1 2 |  2.0
Earth Magic    | 1 2 |  2.0
Poison Magic   | 1 2 |  2.0
Shields        | 3 |  3.6
Evocations     | 3 |  3.6
Fighting       | 5 |  5.2
Maces & Flails | 5 |  5.2
Staves         | |  8.9

Action                   |  1- 3 |  4- 6 |  7- 9 || total
-------------------------+-------+-------+-------++-------
Melee: Quarterstaff      |   119 |   207 |    18 ||   344
       Bite              |    17 |    19 |     2 ||    38
Throw: Stone             |       |     3 |       ||     3
Evoke: Phial of floods   |     1 |     1 |       ||     2
  Use: Potion            |       |     2 |     3 ||     5
  Eat: Chunk             |       |     5 |       ||     5
       Ration            |       |       |     1 ||     1
Armor: Robe              |     2 |       |       ||     2
       Scale mail        |    51 |    96 |     6 ||   153
       Skin              |       |       |     2 ||     2
Dodge: Dodged            |    65 |   116 |     6 ||   187

Table legend:
 A = Spawn XP
 B = Non-spawn XP
 C = Spawn XP percentage of total XP
 D = Spawn monster count
 E = Non-spawn monster count
 F = Spawn count percentage of total count
 G = Total turns spent on level
                    A         B        C        D         E        F      G
               +---------+---------+-------+---------+---------+-------+---------
         Total |       0 |     887 |   0.0 |       0 |     117 |   0.0 |  3583
               +---------+---------+-------+---------+---------+-------+---------
           D:1 |       0 |      54 |   0.0 |       0 |      28 |   0.0 |   814
           D:2 |       0 |      70 |   0.0 |       0 |      28 |   0.0 |   892
           D:3 |       0 |     351 |   0.0 |       0 |      37 |   0.0 |   692
           D:4 |       0 |     412 |   0.0 |       0 |      24 |   0.0 |  1185
               +---------+---------+-------+---------+---------+-------+---------
